 Dungeon Crawl Stone Soup version 0.31.0-11-ge490571c62 (webtiles) character file.

Game seed: 5263449259558831230

1134 SnakkuSnakku7 the Chopper (level 8, -7/56 HPs)
             Began as a Djinni Chaos Knight on Jan 28, 2024.
             Was a Plaything of Xom.
             Mangled by a kobold brigand
             ... wielding a +4 club of chaos
              (15 damage)
             ... in a sewer.
             The game lasted 00:06:06 (4085 turns).

SnakkuSnakku7 the Chopper (Djinni Chaos Knight)     Turns: 4085, Time: 00:06:06

Health: -7/56      AC:  9    Str: 13    XL:     8   Next: 62%
Gold:   276        EV: 12    Int: 14    God:    Xom [.*....] SH:  0 Dex: 15

rFire   + . .        a - +0 war axe
rCold   . . .        (no shield)
rNeg    . . .        b - +2 leather armour
rPois   ∞            (no helmet)
rElec   .            n - +2 cloak {rPois}
rCorr   .            p - +0 pair of gloves
SInv    .            (boots unavailable)
Will    .....        (no amulet)
Stlth   ++           l - ring of ice
HPRegen 0.29/turn    (no ring)
MPRegen 0.00/turn

%: infuse magic (-8 HP)
@: flying
A: sickness immunity, fire resistance 2, cold vulnerability 1, float, innate
caster, HP casting, extra vitality 1, thin skeletal structure 1
a: Renounce Religion


You were in a sewer.
You worshipped Xom.
You were a plaything of Xom.
You visited 1 branch of the dungeon, and saw 5 of its levels.
You also visited: Sewer.

You collected 276 gold pieces.

Inventory:

Hand Weapons
 a - a +0 war axe (weapon)
 o - a +0 mace of chaos
Armour
 b - a +2 leather armour (worn)
 n - a +2 cloak of poison resistance (worn)
 p - a +0 pair of gloves (worn)
 r - a +0 tower shield
Jewellery
 l - a ring of ice (left hand)
Scrolls
 c - a scroll of butterflies
 d - a scroll of fog {unknown}
 f - a scroll of vulnerability {unknown}
 h - 2 scrolls of teleportation
 i - a scroll of enchant armour {unknown}
 k - a scroll of revelation
Potions
 e - a potion of enlightenment {unknown}
 g - 2 potions of magic {unknown}
 j - a potion of curing
 m - a potion of berserk rage
 q - 2 potions of cancellation {unknown}
 s - a potion of haste {unknown}


   Skills:
 - Level 3.0 Fighting
 + Level 6.6(7.4) Axes
 - Level 5.0(6.6) Maces & Flails
 - Level 1.0 Armour
 - Level 2.1 Dodging


You knew the following spells:

 Your Spells              Type           Power      Damage    Failure   Level
a - Sandblast             Erth           0%         2d4       36%         1
b - Ensorcelled Hibernat  Hex/Ice        0%         N/A       50%         2
c - Gell's Gravitas       Tloc           0%         N/A       73%         3
Your spell library was empty.

Dungeon Overview and Level Annotations

Branches:
Dungeon (5/15)              Sewer (1/1)
 Temple: D:4-7

Altars:
Elyvilon
Hepliaklqana
Qazlal
Trog
Uskayaw
The Shining One

Annotations:
D:4 4 runed translucent doors, 440024613's ghost, amateur HuBe; Crazy Yiuf; Daunt's ghost, weakling VSFi; NotreDorf's ghost, amateur TrBe; SnakkuSnakku7's ghost, novice DjCK


Innate Abilities, Weirdness & Mutations

You are immune to sickness and miasma.
You are immune to poison.
Your flesh is very heat resistant. (rF++)
You are vulnerable to cold. (rC-)
You float through the air rather than walking.
You learn spells naturally, not from books.
Your magical power is your life essence.
You have superior vitality. (+4 MHP)
You have a somewhat thin skeletal structure. (Dex +2, Stealth+)


Message History

You hit the kobold brigand.
The kobold brigand is heavily wounded.
The kobold brigand hits you with a +0 club.
You hit the kobold brigand.
The kobold brigand is heavily wounded. "Have a taste of chaos, mortal."
The kobold brigand's +0 club erupts in a glittering mayhem of colour.
The kobold brigand splashes around in the water.
You closely miss the kobold brigand.
The kobold brigand is heavily wounded.
The kobold brigand splashes around in the water.
You hit the kobold brigand but do no damage.
The kobold brigand is heavily wounded.
The kobold brigand hits you with a +4 club of chaos!
* * * LOW HITPOINT WARNING * * *
The kobold brigand splashes around in the water.
You hit the kobold brigand but do no damage.
The kobold brigand is heavily wounded.
The kobold brigand barely misses you.
You hit the kobold brigand but do no damage.
The kobold brigand is heavily wounded.
The kobold brigand closely misses you.
You barely miss the kobold brigand. You punch the kobold brigand.
The kobold brigand is severely wounded.
The kobold brigand misses you.
You barely miss the kobold brigand.
The kobold brigand is severely wounded.
The kobold brigand hits you but does no damage.
You barely miss the kobold brigand.
The kobold brigand is severely wounded.
The kobold brigand closely misses you.
You hit the kobold brigand.
The kobold brigand is almost dead.
The kobold brigand closely misses you.
You barely miss the kobold brigand. Your punch misses the kobold brigand.
The kobold brigand is almost dead.
The kobold brigand hits you with a +4 club of chaos!
* * * LOW HITPOINT WARNING * * *
You are electrocuted!
You die...

####### #.~~~~#####
#####~~.~~#######
#.~~~~###~~..~..## .
####### #~~~~.~~.# #
#.~)@~###.~..~...####
#####K.~~~####..~.##~
#.K~~~##### ##.~~~..
####### ##~~~..
#~~~.. #.~~~~ #~~~..
#~~.~. #.~..~~


You could see a kobold brigand.

Vanquished Creatures
  Grinder (D:4)
  Menkaure (D:4)
  A swamp drake (D:2)
  2 phantoms
  A kobold brigand (Sewer)
  A bombardier beetle (D:4)
  2 jellies (D:3)
  3 iguanas
  An orc wizard (D:3)
  12 adders
  A dart slug (D:1)
  2 ribbon worms
  8 orcs
  12 endoplasms
  3 giant cockroaches
  5 goblins
  9 hobgoblins
  11 jackals
  15 kobolds
  4 quokkas
  11 ball pythons
  2 bats
  5 rats
113 creatures vanquished.

Vanquished Creatures (collateral kills)
  A black bear (D:5)
1 creature vanquished.

Vanquished Creatures (others)
  A butterfly (D:4)
1 creature vanquished.

Grand Total: 115 creatures vanquished

Notes
Turn   | Place    | Note
-------+----------+-------------------------------------------
     0 | D:1      | SnakkuSnakku7 the Djinni Chaos Knight began the quest for
                  | the Orb.
     0 | D:1      | Reached XP level 1. HP: 20/20 MP: 0/0
    92 | D:1      | Reached XP level 2. HP: 12/25 MP: 0/0
   165 | D:1      | Reached XP level 3. HP: 24/30 MP: 0/0
   165 | D:1      | Learned a level 1 spell: Sandblast
   236 | D:1      | XOM: divination: detect items
   238 | D:1      | XOM: divination: detect creatures
   583 | D:2      | Reached XP level 4. HP: 31/35 MP: 0/0
   697 | D:2      | Found a faded altar of an unknown god.
  1153 | D:2      | a ribbon worm changed into a swamp drake
  1153 | D:2      | Noticed a swamp drake
  1154 | D:2      | XOM: enchant monster (good)
  1169 | D:2      | Killed a swamp drake
  1170 | D:2      | Reached XP level 5. HP: 25/40 MP: 0/0
  1170 | D:2      | Learned a level 2 spell: Ensorcelled Hibernation
  1375 | D:3      | Reached skill level 5 in Maces & Flails
  1739 | D:3      | Found a bloodstained altar of Trog.
  1739 | D:3      | Found a hazy altar of Hepliaklqana.
  1739 | D:3      | Found a glowing golden altar of the Shining One.
  1739 | D:3      | Found a hide-covered altar of Uskayaw.
  1739 | D:3      | Found a white marble altar of Elyvilon.
  1739 | D:3      | Found a stormy altar of Qazlal.
  1756 | D:3      | Reached skill level 1 in Axes
  1756 | D:3      | Reached XP level 6. HP: 29/46 MP: 0/0
  1853 | D:3      | Reached skill level 2 in Axes
  2469 | D:4      | Reached skill level 3 in Axes
  2693 | D:4      | XOM: 1-stop teleportation journey
  2738 | D:4      | Reached XP level 7. HP: 47/50 MP: 0/0
  2738 | D:4      | Learned a level 3 spell: Gell's Gravitas
  2773 | D:4      | Noticed Menkaure
  2895 | D:4      | XOM: 3-stop teleportation journey
  3134 | D:4      | Found a runed translucent gate.
  3134 | D:4      | Found a runed translucent gate.
  3134 | D:4      | Found a runed translucent gate.
  3134 | D:4      | XOM: destruction
  3135 | D:4      | Noticed NotreDorf's ghost (amateur TrBe)
  3135 | D:4      | Noticed Daunt's ghost (weakling VSFi)
  3135 | D:4      | Noticed 440024613's ghost (amateur HuBe)
  3135 | D:4      | Noticed SnakkuSnakku7's ghost (novice DjCK)
  3141 | D:4      | XOM: cast spell 'Alistair's Intoxication'
  3148 | D:4      | Killed Menkaure
  3149 | D:4      | Reached skill level 4 in Axes
  3334 | D:4      | Noticed Grinder
  3348 | D:4      | Paralysed by Grinder for 5 turns
  3355 | D:4      | XOM: potion effect (might)
  3414 | D:4      | Paralysed by Grinder for 3 turns
  3423 | D:4      | Found a white marble altar of Elyvilon.
  3423 | D:4      | XOM: 6-stop teleportation journey
  3427 | D:4      | Paralysed by Grinder for 2 turns
  3429 | D:4      | Killed Grinder
  3430 | D:4      | Reached skill level 5 in Axes
  3430 | D:4      | Reached XP level 8. HP: 15/56 MP: 0/0
  3435 | D:4      | XOM: give mutations
  3435 | D:4      | Gained mutation: You are clumsy. (Dex -2) [Xom's mischief]
  3435 | D:4      | Lost mutation: You are clumsy. (Dex -2) [Xom's mischief]
  3505 | D:4      | XOM: silly message
  3603 | D:4      | XOM: give mutation
  3603 | D:4      | Gained mutation: You have a somewhat thin skeletal
                  | structure. (Dex +2, Stealth+) [Xom's grace]
  3604 | D:4      | Found a runed translucent door.
  3605 | D:4      | Noticed Crazy Yiuf
  3771 | D:5      | Entered Level 5 of the Dungeon
  3881 | D:5      | XOM: cast spell 'Summon Horrible Things'
  3885 | D:5      | Reached skill level 6 in Axes
  3961 | D:5      | XOM: summons friendly ufetubus
  3993 | D:5      | Found a glowing drain.
  4020 | Sewer    | Entered a sewer
  4076 | Sewer    | XOM: chaos upgrade
  4085 | Sewer    | Mangled by a kobold brigand

Illustrated notes

Levels and vault maps discovered:
D:1:      lemuel_arrival_behind_the_door_large, layout_rooms
D:2:      layout_basic, basic_ecumenical_altar
D:3:      cheibrodos_fertilizer, layout_basic, serial_bayou_ford_a,
          moated_statue, kennysheep_generic_room_8
D:4:      layout_loops_corners, nicolae_elyvilon_peaceful_grove,
          gammafunk_ghost_cemetery, grunt_decor_mini_mirrors,
          kennysheep_cross_bottleneck, uniq_crazy_yiuf_cottage, uniq_menkaure,
          uniq_grinder
D:5:      nicolae_cairo_tiling_very_big, layout_layer_cave,
          nicolae_ashenzari_panopticon, gup_sewer_entry_glass
Sewer:    sewer_co_tree

Skill      XL: |  1  2  3  4  5  6  7  8 |
---------------+-------------------------+-----
Maces & Flails | 3 4 5 |  5.0
Axes           | 1 3 5 6 |  6.6
Fighting       | |  3.0
Armour         | |  1.0
Dodging        | |  2.1

Action                     |  1- 3 |  4- 6 |  7- 9 || total
---------------------------+-------+-------+-------++-------
  Melee: Mace              |   110 |    72 |       ||   182
         Punch             |       |     2 |     2 ||     4
         War axe           |       |   168 |   143 ||   311
    Use: Scroll            |       |     5 |     1 ||     6
   Stab: Confused          |     1 |       |       ||     1
         Petrified         |       |    12 |       ||    12
         Sleeping          |       |       |     1 ||     1
 Armour: Leather armour    |    79 |   153 |   105 ||   337
  Dodge: Dodged            |    50 |   142 |   100 ||   292
  Block: Tower shield      |       |       |     4 ||     4
